AoeStats
← MuChaunLee_Sovich

Arena

506495024Analyzed
4v4 RM · 19d ago on Sep 13, 2026· 41m 6s· 8 players
Game mode
Random Map
Map size
Large (8 player)
Population
200
Speed
Normal
Resources
Standard
Victory
Conquest
Starting age
Dark Age
Ending age
Imperial Age
RankedLock teamsTeams togetherTeam positionsShared explorationLock speedFull tech treeHidden civsTurbo modeCheats
Victory
Defeat
🇦🇷 Tupi · Argentina
1571
+13
🇲🇽 Khmer · Mexico
1522
+15
🇪🇸 Muisca · Spain
1475
+16
🇦🇷 Malians · Argentina
1413
+19
🇲🇽 Bengalis · Mexico
1556
-18
🇲🇽 Teutons · Mexico
1544
-18
🇨🇴 Hindustanis · Colombia
1509
-17
🇦🇷 Persians · Argentina
1339
-10
thefacelessz12
11:19 Feudal Age
11:53 Loom
14:55 Castle Age
14:16 Double-Bit Axe
16:03 Town Watch
16:09 Horse Collar
16:39 Bow Saw
24:53 Fervor
29:51 Imperial Age
29:33 Wheelbarrow
28:51 Gold Mining
29:02 Heavy Plow
28:59 Pikeman
30:25 Ballistics
29:55 Heavy Scorpion
31:06 Double Crossbow
31:14 Capped Ram
32:28 Scale Mail Armor
32:38 Forging
33:07 Gold Shaft Mining
33:11 Siege Engineers
33:11 Halberdier
34:34 Siege Ram
36:03 Chain Mail Armor
36:24 Iron Casting
36:28 Iron Casting
38:46 Chemistry
38:36 Arson
39:37 Hand Cart
39:24 Town Patrol
41:31 Conscription
Don Roscon
10:36 Feudal Age
14:19 Castle Age
12:16 Double-Bit Axe
12:38 Horse Collar
15:31 Bow Saw
15:24 Heavy Plow
22:02 Gold Mining
22:07 Stone Mining
23:29 Loom
23:40 Fletching
27:43 Imperial Age
25:50 Wheelbarrow
25:48 Bodkin Arrow
25:54 Padded Archer Armor
26:27 Ballistics
27:24 Leather Archer Armor
26:46 Crossbowman
28:44 Gold Shaft Mining
28:18 Thumb Ring
28:19 Arbalester
29:01 Bracer
30:31 Chemistry
29:42 Masonry
31:13 Two-Man Saw
31:06 Hand Cart
30:38 Town Watch
31:38 Stone Shaft Mining
31:45 Herbalism
34:55 Elite Skirmisher
37:18 Crop Rotation
37:46 Siege Engineers
38:06 Conscription
XxX_Ricardo_2018_Max_XxX
10:54 Feudal Age
14:58 Castle Age
14:16 Scale Barding Armor
25:35 Double-Bit Axe
25:32 Horse Collar
29:10 Wheelbarrow
28:50 Bow Saw
28:43 Heavy Plow
30:21 Chain Barding Armor
31:05 Bloodlines
32:32 Forging
36:13 Imperial Age
34:02 Gold Mining
34:18 Husbandry
36:37 Iron Casting
36:21 Heavy Camel Rider
37:41 Plate Barding Armor
37:24 Hand Cart
39:12 Scale Mail Armor
40:10 Cavalier
40:41 Town Watch
41:15 Chain Mail Armor
Malthael
8:34 Loom
10:20 Feudal Age
11:43 Double-Bit Axe
12:32 Fletching
16:51 Town Watch
22:35 Castle Age
20:47 Horse Collar
21:48 Gold Mining
21:51 Stone Mining
22:26 Padded Archer Armor
24:15 Bodkin Arrow
26:04 Ballistics
30:53 Bow Saw
38:52 Imperial Age
36:53 Heavy Plow
39:38 Bracer
40:49 Wheelbarrow
41:35 Conscription
MuChaunLee_Sovich
10:38 Feudal Age
12:13 Loom
14:39 Castle Age
13:52 Double-Bit Axe
16:09 Bow Saw
15:40 Horse Collar
21:06 Heavy Plow
23:39 Wheelbarrow
22:52 Town Watch
23:08 Gold Mining
23:10 Stone Mining
25:45 Fletching
26:13 Hand Cart
26:43 Bodkin Arrow
26:51 Husbandry
27:02 Bloodlines
27:09 Padded Archer Armor
27:21 Gold Mining
28:20 Ballistics
31:07 Imperial Age
29:18 Gold Shaft Mining
30:17 Paiks
30:29 Leather Archer Armor
31:13 Elite Elephant Archer
31:54 Bracer
32:24 Ring Archer Armor
33:05 Chemistry
39:25 Elite Skirmisher
LvT | ZcPeter
6:12 Loom
8:22 Feudal Age
9:03 Double-Bit Axe
9:04 Town Watch
12:50 Fletching
17:47 Horse Collar
20:09 Wheelbarrow
24:04 Castle Age
23:07 Forging
22:57 Scale Mail Armor
24:17 Pikeman
24:57 Squires
39:44 Gambesons
[GDL] turbojj
11:01 Feudal Age
14:42 Castle Age
13:20 Double-Bit Axe
14:19 Horse Collar
15:46 Bow Saw
23:56 Wheelbarrow
23:36 Heavy Plow
27:13 Imperial Age
24:30 Loom
25:09 Gold Mining
25:11 Stone Mining
25:57 Ballistics
27:04 Scale Barding Armor
27:10 Forging
27:34 Hand Cart
26:44 Light Cavalry
27:37 Bloodlines
28:11 Chain Barding Armor
27:55 Husbandry
27:51 Heavy Camel Rider
29:25 Iron Casting
30:00 Two-Man Saw
29:43 Imperial Camel Rider
31:31 Plate Barding Armor
31:10 Grand Trunk Road
31:38 Conscription
32:05 Gold Shaft Mining
32:11 Stone Shaft Mining
33:16 Blast Furnace
32:26 Padded Archer Armor
34:52 Chemistry
34:48 Fletching
34:26 Elite Skirmisher
34:36 Light Cavalry
35:35 Bodkin Arrow
35:56 Leather Archer Armor
35:50 Thumb Ring
37:50 Hussar
40:19 Siege Engineers
Alfalfa
9:46 Feudal Age
10:09 Feudal Age
11:35 Loom
14:22 Castle Age
12:25 Horse Collar
13:22 Double-Bit Axe
19:54 Bow Saw
25:04 Heavy Plow
27:19 Scale Barding Armor
29:21 Bloodlines
29:12 Gold Mining
32:11 Chain Barding Armor
36:54 Imperial Age
36:14 Gold Shaft Mining
35:31 Stone Mining
36:58 Cavalier
38:21 Stone Shaft Mining
39:17 Plate Barding Armor
38:42 Heavy Camel Rider
39:17 Heavy Scorpion
40:23 Forging
Connection lost

Rejoining the realm…

Still unreachable

The connection could not be restored.

Session expired

The server has moved on; the page needs a fresh start.